 Dungeon Crawl Stone Soup version 0.29-a0-356-g7bc237e783 (webtiles) character file.

Game seed: 599569871565093091

28 spaghetti the Prestidigitator (level 3, 0/25 HPs)
             Began as a Gnoll Wanderer on Apr 25, 2022.
             Succumbed to an adder's poison
             ... on level 2 of the Dungeon.
             The game lasted 00:01:28 (923 turns).

spaghetti the Prestidigitator (Gnoll Wanderer)       Turns: 923, Time: 00:01:29

Health: 0/25       AC:  2    Str:  7    XL:     3   Next: 12%
Magic:  3/3        EV: 11    Int: 11    God:
Gold:   34         SH:  6    Dex: 17    Spells: 3/3 levels left

rFire   . . .      SeeInvis .   a - +0 mace {mace}
rCold   . . .      Faith    .   c - +0 buckler
rNeg    . . .      Spirit   .   e - +0 robe
rPois   .          Reflect  .   (no helmet)
rElec   .          Harm     .   (no cloak)
rCorr   .          Rampage  .   (no gloves)
Will    .....                   (no boots)
Stlth   ++........              (no amulet)
HPRegen 0.08/turn               (no ring)
MPRegen 0.08/turn               (no ring)

@: lethally poisoned (0 -> -3)
A: fangs 1, strong nose, distributed training
a: no special abilities


You were on level 2 of the Dungeon.
You visited 1 branch of the dungeon, and saw 2 of its levels.

You collected 34 gold pieces.


Innate Abilities, Weirdness & Mutations

You have very sharp teeth.
Your uncanny sense of smell can sniff out nearby items.
Your experience applies equally to all skills.


   Skills:
 + Level 0.6 Fighting
 + Level 0.6 Short Blades
 + Level 0.6 Long Blades
 + Level 0.6 Axes
 + Level 2.5 Maces & Flails
 + Level 0.6 Polearms
 + Level 0.6 Staves
 + Level 0.6 Slings
 + Level 0.6 Bows
 + Level 0.6 Crossbows
 + Level 0.6 Throwing
 + Level 2.5 Armour
 + Level 0.6 Dodging
 + Level 0.6 Stealth
 + Level 6.5 Shields
 + Level 0.6 Unarmed Combat
 + Level 0.6 Spellcasting
 + Level 0.4 Conjurations
 + Level 0.4 Hexes
 + Level 0.4 Summonings
 + Level 0.4 Necromancy
 + Level 0.4 Translocations
 + Level 0.4 Transmutations
 + Level 0.4 Fire Magic
 + Level 0.4 Ice Magic
 + Level 0.4 Air Magic
 + Level 0.4 Earth Magic
 + Level 0.4 Poison Magic
 + Level 0.8 Invocations
 + Level 10.4 Evocations


You had 3 spell levels left.
You didn't know any spells.
Your spell library contained the following spells:

 Spells                   Type           Power      Damage    Failure   Level
 Borgnjor's Revivificati  Necr           0%         N/A       100%        8
 Necromutation            Tmut/Necr      0%         N/A       100%        8
 Death's Door             Necr           0%         N/A       100%        9

Inventory:

Hand Weapons
 a - a +0 mace (weapon) {mace}
 g - a +0 short sword of draining {short}
   (You took it off a kobold on level 2 of the Dungeon)
Missiles
 h - 3 stones {throwing}
Armour
 c - a +0 buckler (worn)
 e - a +0 robe (worn)
Magical Staves
 f - a staff of death {!astaff}
   (You found it on level 1 of the Dungeon)
Wands
 b - a wand of paralysis (7) (quivered)
Scrolls
 i - a scroll of vulnerability {unknown}
 j - 2 scrolls of identify {unknown}

Dungeon Overview and Level Annotations

Branches:
Dungeon (2/15)

Altars:

#.# ##..###########.
...............# ...............
#.........=.# #...........#
#...l.......# #..†@.......#
#...........# #...........#
#)..........#
#############...........#
...........##...........########
...........#####......#..........
...........##.......###..........
...........##.......# #..........


You could see a frilled lizard.


Message History

You pick up a Necronomicon and begin reading...
You add the spells Borgnjor's Revivification, Necromutation and Death's Door to your library.
Okay, then.
You see here a +0 plate armour.
You now have 34 gold pieces (gained 12).
j - a scroll labelled YNUC CUWASCHEI 😎 HP[+1]
Your hp is fully restored (20).
j - 2 scrolls labelled YNUC CUWASCHEI (gained 1)
An endoplasm comes into view.
The endoplasm quivers.
An endoplasm is nearby!
An endoplasm is nearby!
An endoplasm is nearby!
The endoplasm hits you. 😕 HP[-2]
You take 2 damage, and now have 18/20 hp.
You are too injured to fight recklessly!
You are too injured to fight recklessly!
You are too injured to fight recklessly!
You are too injured to fight recklessly!
You are too injured to fight recklessly!
You are too injured to fight recklessly!
You are too injured to fight recklessly!
You are too injured to fight recklessly!
You are too injured to fight recklessly!
You are too injured to fight recklessly!
You are too injured to fight recklessly!
You are too injured to fight recklessly!
An endoplasm is nearby!
You hit the endoplasm.
You block the endoplasm's attack. 😕 HP[+1]
You hit the endoplasm.
You kill the endoplasm!
An adder comes into view.
A frilled lizard comes into view.
The adder hisses angrily.
The frilled lizard hisses angrily.
The adder closely misses you.
You hit the adder but do no damage. The adder bites you.
You block the adder's attack. 😮 HP[-4]
You take 4 damage, and now have 15/20 hp.
You hit the adder. The adder bites you.
You are poisoned.
The adder poisons you!
The adder bites you but does no damage. 😮 HP[-4]
You take 4 damage, and now have 11/20 hp.
You feel much better.
You feel sick. You block the frilled lizard's attack. The adder bites you.
You are more poisoned.
The adder poisons you! 😮 HP[+4]
You regained 4 hp, and now have 15/20 hp.
You hit the adder.
You feel very sick. The adder barely misses you.
You block the frilled lizard's attack. The adder closely misses you.
You block the frilled lizard's attack. 😮 HP[-3]
You take 3 damage, and now have 12/20 hp.
You closely miss the adder. You bite the adder, but do no damage.
You feel sick. The adder bites you.
* * * LOW HITPOINT WARNING * * *
The frilled lizard bites you.
* * * LOW HITPOINT WARNING * * *
😨 HP[-6]
You take 6 damage, and now have 6/20 hp.
MASSIVE DAMAGE!! (PAUSE)
You closely miss the adder.
* * * LOW HITPOINT WARNING * * *
You feel sick. The adder bites you but does no damage.
The frilled lizard bites you but does no damage.
The adder barely misses you. 😱 HP[-2]
You take 2 damage, and now have 4/20 hp.
Unknown command.
Okay, then.
You don't know any spells.
Okay, then.
You aren't carrying any potions.
Okay, then.
You hit the adder.
You kill the adder!
* * * LOW HITPOINT WARNING * * *
You feel sick. The frilled lizard bites you.
* * * LOW HITPOINT WARNING * * *
The frilled lizard barely misses you.
You have reached level 3!
Your experience leads to an increase in your attributes!
Increase (S)trength, (I)ntelligence, or (D)exterity?
You feel clever. x2 😱 HP[-2] MP[+1]
You now have 25 max hp (+5).
Your mp is fully restored (3).
Unknown command.
You are lethally poisoned (2 -> -1).
Your movement speed is average.
Your attack delay is about 1.3.
Unknown command.
You aren't carrying any potions.
Okay, then.
You miss the frilled lizard. Your bite misses the frilled lizard.
You die...

Skill      XL: | |
---------------+-+-----
Evocations     | | 10.4
Fighting       | |  0.6
Short Blades   | |  0.6
Long Blades    | |  0.6
Axes           | |  0.6
Maces & Flails | |  2.5
Polearms       | |  0.6
Staves         | |  0.6
Slings         | |  0.6
Bows           | |  0.6
Crossbows      | |  0.6
Throwing       | |  0.6
Armour         | |  2.5
Dodging        | |  0.6
Stealth        | |  0.6
Shields        | |  6.5
Unarmed Combat | |  0.6
Spellcasting   | |  0.6
Conjurations   | |  0.4
Hexes          | |  0.4
Summonings     | |  0.4
Necromancy     | |  0.4
Translocations | |  0.4
Transmutations | |  0.4
Fire Magic     | |  0.4
Ice Magic      | |  0.4
Air Magic      | |  0.4
Earth Magic    | |  0.4
Poison Magic   | |  0.4
Invocations    | |  0.8

Action                   || total
-------------------------++-------
Melee: Mace              ||    49
       Bite              ||     4
Evoke: Wand              ||     4
  Use: Potion            ||     1
 Stab: Paralysed         ||     8
       Sleeping          ||     3
Armor: Robe              ||     7
Dodge: Dodged            ||    27
Block: Buckler           ||    17

Levels and vault maps discovered:
D:1:      dpeg_arrival_three_same_balls, layout_basic, basic_ecumenical_altar
D:2:      layout_basic

Notes
Turn   | Place    | Note
-------+----------+-------------------------------------------
     0 | D:1      | Reached skill level 10 in Evocations
     0 | D:1      | spaghetti the Gnoll Wanderer began the quest for the Orb.
     0 | D:1      | spaghetti set off with the following items: a +0 mace
                  | {mace}, a wand of paralysis (11), a +0 buckler, a potion of
                  | heal wounds {@q2}, a +0 robe
     0 | D:1      | Reached XP level 1. HP: 13/13 MP: 1/1
     0 | D:1      | magus.rc [v1.9.6]
    49 | D:1      | HP: 1/13 [hobgoblin (4)]
   382 | D:1      | Reached XP level 2. HP: 13/19 MP: 2/2
   531 | D:1      | You fall into a shaft and drop 1 floor!
   550 | D:2      | HP: 3/19 [quokka (3)]
   850 | D:2      | You add the spells Borgnjor's Revivification, Necromutation
                  | and Death's Door to your library.
   921 | D:2      | HP: 4/20 [poisoned by an adder]
   922 | D:2      | HP: 1/20 [frilled lizard (2)]
   923 | D:2      | Reached XP level 3. HP: 2/25 MP: 3/3
   923 | D:2      | Succumbed to an adder's poison

Vanquished Creatures
  An adder (D:2)
  A dart slug (D:2)
  A ball python (D:1)
  2 endoplasms
  A giant cockroach (D:1)
  2 hobgoblins (D:1)
  3 kobolds (D:2)
  A quokka (D:2)
  2 frilled lizards
  A goblin (D:1)
  2 rats (D:1)
17 creatures vanquished.

Table legend:
 A = Non-vault XP
 B = Vault XP
 C = Vault XP percentage of total XP
 D = Non-vault monster count
 E = Vault monster count
 F = Vault count percentage of total count
                 A         B        C        D         E       F
            +---------+---------+-------+---------+---------+-------
      Total |      40 |       0 |   0.0 |      17 |       0 |   0.0
            +---------+---------+-------+---------+---------+-------
        D:1 |      14 |       0 |   0.0 |       9 |       0 |   0.0
        D:2 |      26 |       0 |   0.0 |       8 |       0 |   0.0
            +---------+---------+-------+---------+---------+-------

Illustrated notes

Table legend:
 A = Kills in this place as a percentage of kills in entire the game.
 B = Kills by you in this place as a percentage of kills by you in the entire game.
 C = Kills by friends in this place as a percentage of kills by friends in the entire game.
 D = Other kills in this place as a percentage of other kills in the entire game.
 E = Experience gained in this place as a percentage of experience gained in the entire game.
 F = Experience gained in this place divided by the number of levels of this place that you have seen.
                   A       B       C       D       E      F
               +-------+-------+-------+-------+-------+----------------------
         Total | 100.0 | 100.0 |   N/A |   N/A | 100.0 |  20.0
       Dungeon | 100.0 | 100.0 |   N/A |   N/A | 100.0 |  20.0
               +-------+-------+-------+-------+-------+----------------------

Table legend: (Time is in decaauts)
 A = Elapsed time spent in this place.
 B = Non-inter-level travel time spent in this place.
 C = Inter-level travel time spent in this place.
 D = Time resting spent in this place.
 E = Time spent auto-exploring this place.
 F = Levels seen in this place.
 G = Mean time per level.
                   A        B        C        D        E       F      G
               +--------+--------+--------+--------+--------+-----+--------+
         Total |    937 |    937 |      0 |    625 |    163 |   2 |  468.5 |
       Dungeon |    937 |    937 |      0 |    625 |    163 |   2 |  468.5 |
               +--------+--------+--------+--------+--------+-----+--------+

Top non-repeatable levels by time:
     D:1: 539 daAuts
     D:2: 398 daAuts
